 Dungeon Crawl Stone Soup version 0.27.1-33-g824d729ab1 (webtiles) character file.

Game seed: 14262202742402575289

8005 Cykl0x the Slasher (level 11, -4/64 HPs)
             Began as a Gargoyle Transmuter on Dec 6, 2021.
             Was a Believer of the Shining One.
             Slain by a gargoyle (10 damage)
             ... on level 8 of the Dungeon.
             The game lasted 00:33:15 (10555 turns).

Cykl0x the Slasher (Gargoyle Transmuter)           Turns: 10555, Time: 00:33:15

Health: -4/64      AC: 21    Str: 18    XL:     11   Next: 24%
Magic:  20/20      EV: 11    Int: 13    God:    the Shining One [**....]
Gold:   2856       SH:  3    Dex: 10    Spells: 12/22 levels left

rFire    . . .     SeeInvis .   C - +3 falchion (holy)
rCold    . . .     Faith    .   E - +0 buckler
rNeg     + + .     Spirit   .   n - +0 acid dragon scales
rPois    ∞         Reflect  .   (helmet currently unavailable)
rElec    +         Harm     .   z - +1 cloak
rCorr    +         Rampage  .   (no gloves)
Will     +....                  (boots currently unavailable)
Stlth    +.........             w - amulet of magic regeneration
HPRegen  0.20/turn              s - ring of willpower
MPRegen  0.42/turn              u - +4 ring of protection

@: appendages, glowing, studying Fighting
A: horns 2, talons 2, sickness immunity, AC +8, negative energy resistance 1,
electricity resistance, torment resistance 1, petrification resistance
a: End Transformation, Renounce Religion, Divine Shield


You were on level 8 of the Dungeon.
You worshipped the Shining One.
The Shining One was pleased with you.
You had temporarily grown beastly horns and talons.
You visited 2 branches of the dungeon, and saw 9 of its levels.

You collected 2856 gold pieces.

Inventory:

Hand Weapons
 b - a +0 dagger
 e - a +4 dagger of freezing
 g - a +0 dagger of venom
 i - a +0 short sword
 C - a +3 falchion of holy wrath (weapon)
 D - a +0 flail
Missiles
 f - 291 stones
 r - 2 silver boomerangs
Armour
 a - a +0 robe
 c - a +0 leather armour
 h - a +1 ring mail
 n - +0 acid dragon scales (worn)
 z - a +1 cloak (worn)
 E - a +0 buckler (worn)
 H - +0 steam dragon scales
Jewellery
 s - a ring of willpower (left hand)
 u - a +4 ring of protection (right hand)
 w - an amulet of magic regeneration (around neck)
 B - a ring of positive energy
Wands
 p - a wand of paralysis (4)
 t - a wand of flame (33)
 y - a wand of polymorph (4)
 I - a wand of iceblast (21)
Scrolls
 j - 2 scrolls of enchant weapon
 o - 3 scrolls of teleportation
 q - 2 scrolls of enchant armour
 v - a scroll of silence
 F - a scroll of immolation
 G - a scroll of blinking
 J - a scroll of identify
Potions
 k - 2 potions of lignification
 l - 4 potions of curing
 m - 3 potions of flight
 A - 2 potions of degeneration {unknown}


   Skills:
 + Level 5.9 Fighting
 - Level 5.1(7.2) Short Blades
 * Level 7.9(8.6) Long Blades
 + Level 5.2 Armour
 + Level 3.4 Dodging
 + Level 0.8 Shields
 - Level 3.0 Unarmed Combat
 + Level 6.2 Spellcasting
 + Level 4.8 Conjurations
 + Level 4.7 Transmutations
 + Level 1.8 Air Magic
 + Level 2.0 Earth Magic
 * Level 4.7 Invocations
 + Level 0.7 Evocations


You had 12 spell levels left.
You knew the following spells:

 Your Spells              Type           Power      Damage    Failure   Level
a - Beastly Appendage     Tmut           32%        N/A       4%          1
b - Wereblood             Tmut           16%        N/A       7%          2
c - Iron Shot             Conj/Erth      6%         9d2       100%        6
d - Shock                 Conj/Air       48%        1d6       9%          1

Your spell library contained the following spells:

 Spells                   Type           Power      Damage    Failure   Level
 Apportation              Tloc           8%         N/A       32%         1
 Spider Form              Tmut/Pois      5%         N/A       36%         3
 Swiftness                Air            8%         N/A       41%         3
 Blink                    Tloc           N/A        N/A       45%         2
 Lesser Beckoning         Tloc           2%         N/A       69%         3
 Hailstorm                Conj/Ice       10%        3d5       77%         4
 Ice Form                 Ice/Tmut       10%        N/A       77%         4
 Iskenderun's Battlesphe  Conj           16%        2d7       77%         5
 Airstrike                Air            4%         N/A       83%         4
 Alistair's Intoxication  Tmut/Pois      6%         N/A       98%         5
 Manifold Assault         Tloc           4%         N/A       100%        5
 Invisibility             Hex            2%         N/A       100%        6
 Simulacrum               Ice/Necr       2%         N/A       100%        6
 Spellforged Servitor     Conj/Summ      5%         N/A       100%        7


Dungeon Overview and Level Annotations

Branches:
Dungeon (8/15)             Temple (1/1) D:7
   Lair: D:8-11

Altars:
Cheibriados
Elyvilon
Fedhas
Gozag
Hepliaklqana
Kikubaaqudgha
Makhleb
Nemelex Xobeh
Okawaru
Qazlal
Ru
Sif Muna
Uskayaw
Xom
Yredelemnul
Zin
The Shining One
Jiyva

Shops:
D:1 *   D:3 [[   D:5 *

Annotations:
D:8 1 runed translucent door


Innate Abilities, Weirdness & Mutations

You have temporarily grown beastly horns and talons.
You are immune to sickness and miasma.
Your stone body is resilient. (AC +8)
You are immune to poison.
You resist negative energy. (rN+)
You are resistant to electric shocks. (rElec)
You are resistant to unholy torment.
You are immune to petrification.


Message History

Your transformation is almost over.
Your surroundings suddenly seem different.
Your horns disappear.
Your talons disappear.
Your primal bloodlust is almost over.
Your primal bloodlust has ended.
Your +4 dagger of freezing stops glowing.
Your +3 falchion of holy wrath softly glows with a divine radiance!
C - a +3 falchion of holy wrath (weapon)
The gargoyle hurls a stone arrow at you.
The stone arrow hits you!
You grow a pair of large bovine horns.
Your feet morph into talons.
Okay, then.
The gargoyle hits you with a +0 morningstar!
Aiming: Polymorph
Press: ? - help, Shift-Dir - straight line, f - gargoyle
Aim: a gargoyle, wielding a +0 morningstar (haloed, not susceptible)
Okay, then.
You hit the gargoyle but do no damage. You barely miss the gargoyle.
Your kick misses the gargoyle.
The gargoyle hits you with a +0 morningstar!
You hit the gargoyle but do no damage.
You headbutt the gargoyle, but do no damage.
The gargoyle closely misses you.
You riposte.
You hit the gargoyle.
You claw the gargoyle, but do no damage.
You headbutt the gargoyle.
The gargoyle is moderately damaged.
You hit the gargoyle but do no damage. Your kick misses the gargoyle.
The gargoyle is moderately damaged.
The gargoyle closely misses you.
You hit the gargoyle but do no damage.
You headbutt the gargoyle, but do no damage.
The gargoyle is moderately damaged.
The gargoyle hurls a stone arrow at you.
The stone arrow hits you!
* * * LOW HITPOINT WARNING * * *
You hit the gargoyle but do no damage. Your kick misses the gargoyle.
Your headbutt misses the gargoyle.
The gargoyle is moderately damaged.
The gargoyle hits you with a +0 morningstar!
You die...

.....#.######.#####.......##.#
.._..#^.....#..#.##.......##.####
.....#......#..#.#.###...........
.....#...)..#..#.#........##.####
######......####.#####....##.#
.......######................####
#####.....###.#.#.####...........
...##.....##..#9..# #.......####
....).....##.#.#@.# #.......##..
...##.....#..#.#..# #######.##.#
#####.....#.##.##.## #.##.#
######..##9##..# #..#.#
##.##...##.## ##.#.# ##
#..#.#.#.#..# #...# .#
##.###...###.## ##..# .#####
#..#..#.#..#..# #..#
.....###.##.#...#.##.## ##.#


You could see a gargoyle.

Vanquished Creatures
  2 two-headed ogres (D:8)
  Pikel (D:7)
  A manticore (shapeshifter) (D:8)
  Maggie (D:8)
  Prince Ribbit (D:6)
  Grinder (D:6)
  6 yaks (D:8)
  Sigmund (D:6)
  A wyvern (D:8)
  A steam dragon (D:7)
  Menkaure (D:5)
  2 water moccasins
  An orc warrior (D:8)
  A hornet zombie (D:6)
  5 ice beasts
  A sky beast (D:8)
  A necrophage (D:3)
  An ogre (D:6)
  2 centaurs
  2 phantoms
  Blork the orc (D:5)
  2 kobold brigands (D:8)
  A gnoll sergeant (D:7)
  2 bullfrogs
  3 scorpions
  A wyvern zombie (D:7)
  A wyvern skeleton (D:7)
  2 killer bees (D:8)
  7 wights
  3 howler monkeys (D:8)
  A centaur zombie (D:8)
  2 bullfrog zombies (D:6)
  3 hounds (D:6)
  4 jellies
  3 gnoll shamans
  4 orc priests
  2 bullfrog skeletons
  Crazy Yiuf (D:5)
  A centaur skeleton (D:7)
  5 orc wizards
  A human skeleton (D:8)
  A killer bee zombie (D:4)
  A hound skeleton (D:5)
  A mummy (D:6)
  A howler monkey zombie (D:7)
  22 gnolls
  4 adders
  A shadow imp (D:5)
  A white imp (D:8)
  An ufetubus (D:7)
  An adder skeleton (D:5)
  A worm (D:4)
  A dart slug (D:1)
  39 orcs
  6 endoplasms
  7 giant cockroaches
  8 goblins
  5 hobgoblins
  7 jackals
  16 kobolds
  A quokka (D:2)
  13 ball pythons
  5 bats
  4 frilled lizards
  A jackal skeleton (D:8)
  3 rats
234 creatures vanquished.

Vanquished Creatures (others)
  2 demonic plants (D:2)
  3 withered plants (D:2)
5 creatures vanquished.

Grand Total: 239 creatures vanquished

Notes
Turn   | Place    | Note
-------+----------+-------------------------------------------
     0 | D:1      | Cykl0x the Gargoyle Transmuter began the quest for the Orb.
     0 | D:1      | Reached XP level 1. HP: 12/12 MP: 3/3
   236 | D:1      | Reached XP level 2. HP: 16/16 MP: 3/5
   304 | D:1      | Learned a level 2 spell: Wereblood
   338 | D:1      | Found Diunaon's Assorted Antiques.
   433 | D:1      | Reached skill level 1 in Armour
   663 | D:1      | Reached XP level 3. HP: 21/21 MP: 4/6
   759 | D:2      | Found a faded altar of an unknown god.
   804 | D:2      | Found a shimmering altar of Xom.
  1024 | D:2      | Reached skill level 1 in Short Blades
  1031 | D:2      | Reached XP level 4. HP: 16/26 MP: 2/7
  1837 | D:3      | Found Bilaip's Antique Armour Shoppe.
  2178 | D:3      | Reached XP level 5. HP: 30/30 MP: 7/9
  2206 | D:3      | Noticed a necrophage
  2218 | D:3      | Killed a necrophage
  2298 | D:3      | Found Hyeqauf's Armour Emporium.
  2582 | D:4      | Noticed a phantom
  2602 | D:4      | Killed a phantom
  2603 | D:4      | Reached XP level 6. HP: 30/36 MP: 8/10
  3182 | D:4      | Learned a level 6 spell: Iron Shot
  3343 | D:4      | Reached skill level 1 in Conjurations
  3343 | D:4      | Reached XP level 7. HP: 37/41 MP: 12/12
  3458 | D:5      | Entered Level 5 of the Dungeon
  3616 | D:5      | Found a glowing silver altar of Zin.
  3625 | D:5      | Reached skill level 1 in Long Blades
  3645 | D:5      | Reached skill level 1 in Earth Magic
  3870 | D:5      | Learned a level 1 spell: Shock
  4237 | D:5      | Noticed Blork the orc
  4248 | D:5      | Killed Blork the orc
  4249 | D:5      | Reached XP level 8. HP: 34/46 MP: 13/13
  4510 | D:5      | Found Woan's Neck Hole.
  4749 | D:5      | Noticed Menkaure
  4760 | D:5      | Killed Menkaure
  4761 | D:5      | Reached skill level 2 in Long Blades
  5112 | D:5      | Found a runed translucent door.
  5113 | D:5      | Noticed Crazy Yiuf
  5124 | D:5      | Killed Crazy Yiuf
  5265 | D:5      | Found a sparkling altar of Nemelex Xobeh.
  5285 | D:6      | Noticed Sigmund
  5290 | D:6      | Killed Sigmund
  5363 | D:6      | Noticed Prince Ribbit
  5392 | D:6      | Killed Prince Ribbit
  5393 | D:6      | Reached skill level 3 in Long Blades
  5634 | D:6      | Reached skill level 1 in Air Magic
  5634 | D:6      | Reached XP level 9. HP: 52/52 MP: 12/15
  5832 | D:6      | Found a snail-covered altar of Cheibriados.
  6427 | D:6      | Found an opulent altar of Gozag.
  6437 | D:6      | Noticed Grinder
  6451 | D:6      | Killed Grinder
  6454 | D:6      | Identified a scroll of acquirement
  6454 | D:6      | Acquired 976 gold pieces
  6535 | D:6      | Found a burning altar of Makhleb.
  6750 | D:6      | Found a shimmering blue altar of Sif Muna.
  7133 | D:7      | Noticed Pikel
  7154 | D:7      | Killed Pikel
  7155 | D:7      | Reached skill level 5 in Short Blades
  7155 | D:7      | Reached skill level 4 in Long Blades
  7155 | D:7      | Reached skill level 5 in Spellcasting
  7232 | D:7      | Found a staircase to the Ecumenical Temple.
  7242 | Temple   | Entered the Ecumenical Temple
  7256 | Temple   | Became a worshipper of the Shining One
  7423 | D:7      | Found a stormy altar of Qazlal.
  7494 | D:7      | Reached XP level 10. HP: 26/58 MP: 15/18
  7504 | D:7      | Reached skill level 5 in Fighting
  7504 | D:7      | Reached skill level 5 in Armour
  7529 | D:7      | Reached skill level 1 in Invocations
  7665 | D:7      | Found a large runed translucent door.
  7666 | D:7      | Found a large runed translucent door.
  7883 | D:7      | Found a white marble altar of Elyvilon.
  7895 | D:7      | Found an iron altar of Okawaru.
  8023 | D:8      | Reached skill level 5 in Long Blades
  8084 | D:8      | Reached * piety under the Shining One
  8209 | D:8      | Found an ancient bone altar of Kikubaaqudgha.
  8232 | D:8      | Noticed a two-headed ogre
  8250 | D:8      | Killed a two-headed ogre
  8509 | D:8      | Reached skill level 6 in Long Blades
  8892 | D:8      | Acquired 649 gold pieces
  8894 | D:8      | Acquired 787 gold pieces
  8929 | D:8      | Reached skill level 7 in Long Blades
  8935 | D:8      | Noticed Maggie
  8951 | D:8      | Killed Maggie
  8952 | D:8      | Reached XP level 11. HP: 18/64 MP: 20/20
  9263 | D:8      | Noticed a two-headed ogre
  9284 | D:8      | Killed a two-headed ogre
  9494 | D:8      | Found a runed translucent door.
  9495 | D:8      | Found a basalt altar of Yredelemnul.
  9633 | D:8      | Found a sacrificial altar of Ru.
  9802 | D:8      | Noticed a two-headed ogre
  9807 | D:8      | Noticed a glowing orange brain
  9807 | D:8      | a two-headed ogre changed into a glowing orange brain
  9808 | D:8      | Noticed a manticore
  9808 | D:8      | a glowing orange brain changed into a manticore
  9813 | D:8      | Killed a manticore
 10190 | D:8      | Noticed a five-headed hydra
 10192 | D:8      | Noticed a deep elf pyromancer
 10201 | D:8      | The Shining One protects you from harm!
 10201 | D:8      | HP: 3/64 [five-headed hydra (6)]
 10202 | D:8      | Reached ** piety under the Shining One
 10555 | D:8      | Slain by a gargoyle

Illustrated notes

Levels and vault maps discovered:
D:1:      moated_graveyard_arrival, layout_basic, serial_shops, shop
D:2:      layout_basic, basic_altar, shapermc_ecumenical_altar_gd
D:3:      layout_rooms, serial_shops, nicolae_shop_stone, shop,
          minmay_pentomino_pile
D:4:      layout_basic, minmay_manual_moon
D:5:      layout_layer_cave, nemelex_diamond_rough_becter, zin_statuary,
          hex_medium, nicolae_shop_sticking_my_neck_out,
          uniq_crazy_yiuf_cottage, uniq_menkaure, uniq_blork_the_orc
D:6:      wander_river, layout_basic, kennysheep_mini_moat, slow_altar_1,
          makhleb_blood_cavern_becter, nicolae_sif_muna_little_library,
          uniq_prince_ribbit1, uniq_grinder, uniq_sigmund
D:7:      layout_basic, nicolae_qazlal_style_of_elements, jmf_multi_god_temple2,
          minmay_temple_entry_sparse_star, uniq_pikel
D:8:      minmay_the_grid_four_pointed_star
          [minmay_the_grid_triangle_9x9_zippers_vertical,
          minmay_the_grid_triangle_9x9_thin_v,
          minmay_the_grid_triangle_9x9_skeleton,
          minmay_the_grid_triangle_9x9_longest,
          minmay_the_grid_prize_shrinking_boxes], layout_basic,
          nicolae_ru_awakened_eye, amcnicky_altar_gilded, dk_yredelemnul_ordeal,
          uniq_maggie
Temple:   pf_slime_end_temple

Skill      XL: |  1  2  3  4  5  6  7  8  9 10 11 |
---------------+----------------------------------+-----
Armour         | 1 2 3 4 5 |  5.2
Fighting       | 2 3 4 5 |  5.9
Short Blades   | 1 2 3 4 5 |  5.1
Transmutations | 2 3 4 |  4.7
Spellcasting   | 3 4 5 6 |  6.2
Conjurations   | 1 2 3 4 |  4.8
Dodging        | 2 3 |  3.4
Long Blades    | 1 3 4 7 |  7.9
Earth Magic    | 1 2 |  2.0
Air Magic      | 1 |  1.8
Invocations    | 3 4 |  4.7
Shields        | |  0.8
Unarmed Combat | |  3.0
Evocations     | |  0.7

Action                   |  1- 3 |  4- 6 |  7- 9 | 10-12 || total
-------------------------+-------+-------+-------+-------++-------
Melee: Dagger            |    73 |   158 |   289 |     6 ||   526
       Kick              |    13 |    21 |    70 |    53 ||   157
       Headbutt          |     6 |     6 |    41 |    44 ||    97
       Punch             |       |     4 |     2 |       ||     6
       Falchion          |       |       |    20 |   201 ||   221
 Cast: Beastly Appendage |    21 |    31 |    35 |    24 ||   111
       Wereblood         |     3 |     7 |    11 |     9 ||    30
       Shock             |       |       |    58 |    42 ||   100
Evoke: Wand              |       |       |     5 |    12 ||    17
  Use: Scroll            |     3 |     7 |     6 |     4 ||    20
       Potion            |     1 |       |     1 |     2 ||     4
Armor: Leather armour    |    32 |     5 |       |       ||    37
       Robe              |     1 |       |       |       ||     1
       Ring mail         |       |    67 |   144 |    19 ||   230
       Steam dragon scal |       |       |       |    97 ||    97
       Acid dragon scale |       |       |       |    14 ||    14
Dodge: Dodged            |    37 |    82 |   126 |   133 ||   378
Block: Buckler           |       |       |     5 |    21 ||    26
       Rpst.: Falchion   |       |       |     2 |    33 ||    35
